 Dungeon Crawl Stone Soup version 0.31-a0-986-g5e6e4ef867 (webtiles) character file.

Game seed: 12667015365866977538

1661037 Forgeling the Invulnerable (level 27, 273/273 (276) HPs)
             Began as an Armataur Wanderer on Nov 14, 2023.
             Was the Champion of Makhleb.
             Escaped with the Orb
             ... and 3 runes on Nov 15, 2023!
             The game lasted 03:50:05 (73961 turns).

Forgeling the Invulnerable (Armataur Wanderer)     Turns: 73961, Time: 03:50:06

HP:   273/273 (276) AC: 51    Str: 37    XL:     27
MP:   36/37         EV:  8    Int: 14    God:    Makhleb [******]
Gold: 3936          SH: 17    Dex: 16    Spells: 28/28 levels left

rFire   + + +        a - +9 eveningstar (heavy)
rCold   + . .        n - +2 kite shield
rNeg    + . .        B - +7 gold dragon scales
rPois   +            q - +2 hat {SInv}
rElec   +            L - +2 cloak of the Narrow God {Regen+}
rCorr   +            W - +1 pair of gloves "Bokeuhy" {Fly rF+ rCorr}
SInv    +            s - +2 barding
Will    +++..        o - amulet "Cuho Gugg" {rElec Will+ Regen+ rCorr Int+3} Stlth
                     f - ring of the Princeling {rN+ rCorr Str+6}
HPRegen 2.25/turn    t - ring "Ypiqoz" {Int+2 Slay+4}
MPRegen 0.25/turn

%: clarity, roll
@: flying, studying 2 skills, lightly drained
A: large, rugged brown scales 3, deformed body, armoured tail, roll, long
tongue, awkward tongue, thin skeletal structure 1, clarity, clumsy 1, fire
resistance 1, screaming 1, strong 1, inability to drink after injury 1,
MP-powered wands
0: Orb of Zot
}: 3/15 runes: decaying, serpentine, silver
a: Renounce Religion, Minor Destruction, Lesser Servant of Makhleb, Major
Destruction, Greater Servant of Makhleb


You escaped.
You worshipped Makhleb.
Makhleb was exalted by your worship.
You visited 11 branches of the dungeon, and saw 51 of its levels.
You also visited: Ice Cave.

You collected 8946 gold pieces.
You spent 5010 gold pieces at shops.

Inventory:

Hand Weapons
 a - a +9 heavy eveningstar (weapon)
Missiles
 k - 13 curare-tipped darts
Armour
 j - the +0 helmet "Kemno" {Str+4 Int+3 Dex+2}
   (You found it on level 3 of the Swamp)

   Str+4:     It affects your strength (+4).
   Int+3:     It affects your intelligence (+3).
   Dex+2:     It affects your dexterity (+2).
 n - a +2 kite shield (worn)
 q - a +2 hat of see invisible (worn)
 s - a +2 barding (worn)
 B - +7 gold dragon scales (worn)
 L - the +2 cloak of the Narrow God (worn) {Regen+}
   (You found it on level 6 of the Dungeon)

   Regen+:    It increases your rate of health regeneration.
 R - a +0 barding of stealth
 W - the +1 pair of gloves "Bokeuhy" (worn) {Fly rF+ rCorr}
   (You acquired it on level 4 of the Swamp)

   rF+:       It protects you from fire.
   Fly:       It grants you flight.
   rCorr:     It protects you from acid and corrosion.
Jewellery
 c - a +5 ring of evasion
 f - the ring of the Princeling (left hand) {rN+ rCorr Str+6}
   (You took it off a yaktaur on level 5 of the Vaults)

   [ring of positive energy]

   Str+6:     It affects your strength (+6).
   rN+:       It protects you from negative energy.
   rCorr:     It protects you from acid and corrosion.
 o - the amulet "Cuho Gugg" (around neck) {rElec Will+ Regen+ rCorr Int+3}
   (You took it off a frost giant on level 5 of the Vaults)

   [amulet of regeneration]

   Int+3:     It affects your intelligence (+3).
   rElec:     It insulates you from electricity.
   Will+:     It increases your willpower.
   Regen+:    It increases your rate of health regeneration.
   rCorr:     It protects you from acid and corrosion.
 t - the ring "Ypiqoz" (right hand) {Int+2 Slay+4}
   (You found it on level 3 of the Crypt)

   [ring of slaying]

   Int+2:     It affects your intelligence (+2).
   Slay+4:    It affects your accuracy & damage with ranged weapons and melee
   (+4).
Wands
 d - a wand of digging (15)
 e - a wand of charming (90)
 h - a wand of acid (49)
 i - a wand of iceblast (34)
 y - a wand of mindburst (81)
Scrolls
 p - 2 scrolls of enchant weapon
 E - 12 scrolls of fear
 F - 9 scrolls of fog
 K - 5 scrolls of immolation
 O - a scroll of silence
 P - 9 scrolls of poison
 Q - a scroll of brand weapon
 S - 3 scrolls of butterflies
 V - 11 scrolls of vulnerability
 X - a scroll of revelation {@r4}
 Y - 24 scrolls of teleportation {@r3}
Potions
 l - 6 potions of enlightenment
 A - 4 potions of attraction
 C - 4 potions of cancellation
 G - 5 potions of ambrosia
 H - a potion of haste
 J - 10 potions of curing {@q1}
 N - 4 potions of heal wounds {@q2}
 U - 4 potions of mutation
Miscellaneous
 b - a sack of spiders
 g - a condenser vane
 m - a phantom mirror
 r - a phial of floods
 v - a lightning rod (4/4)


   Skills:
 + Level 23.3 Fighting
 - Level 1.7 Long Blades
 - Level 24.0 Maces & Flails
 - Level 6.0 Throwing
 O Level 27 Armour
 - Level 8.0 Dodging
 - Level 15.0 Stealth
 - Level 18.0 Shields
 - Level 1.0 Spellcasting
 - Level 21.6 Invocations
 - Level 15.0 Evocations


You had 28 spell levels left.
You didn't know any spells.
Your spell library contained the following spells:

 Spells                   Type           Power      Damage    Failure   Level
 Apportation              Tloc           0%         N/A       77%         1
 Foxfire                  Conj/Fire      0%         2x1d4     77%         1
 Freeze                   Ice            0%         1d3       77%         1
 Kiss of Death            Conj/Necr      0%         2d5       77%         1
 Magic Dart               Conj           0%         1d3       77%         1
 Sting                    Tmut/Pois      0%         1d3       77%         1
 Blink                    Tloc           0%         N/A       88%         2
 Cigotuvi's Dreadful Rot  Necr/Pois/Air  0%         N/A       88%         2
 Ensorcelled Hibernation  Hex/Ice        0%         N/A       88%         2
 Jinxbite                 Hex            0%         N/A       88%         2
 Lesser Beckoning         Tloc           0%         N/A       88%         2
 Momentum Strike          Conj/Tloc      0%         3d8       88%         2
 Passwall                 Tmut/Erth      0%         N/A       88%         2
 Poisonous Vapours        Pois/Air       0%         N/A       88%         2
 Searing Ray              Conj           0%         2d4       88%         2
 Static Discharge         Conj/Air       0%         3-3/arc   88%         2
 Sublimation of Blood     Necr           0%         N/A       88%         2
 Wereblood                Tmut           0%         N/A       88%         2
 Call Canine Familiar     Summ           0%         N/A       98%         3
 Dazzling Flash           Conj/Hex       0%         N/A       98%         3
 Frozen Ramparts          Ice            0%         1d1       98%         3
 Gell's Gravitas          Tloc           0%         N/A       98%         3
 Hailstorm                Conj/Ice       0%         3d3       98%         3
 Inner Flame              Hex/Fire       0%         N/A       98%         3
 Mephitic Cloud           Conj/Pois/Air  0%         N/A       98%         3
 Ozocubu's Armour         Ice            0%         N/A       98%         3
 Sigil of Binding         Hex            0%         N/A       98%         3
 Stone Arrow              Conj/Erth      0%         3d7       98%         3
 Summon Guardian Golem    Hex/Summ       0%         N/A       98%         3
 Swiftness                Air            0%         N/A       98%         3
 Teleport Other           Tloc           0%         N/A       98%         3
 Tukima's Dance           Hex            0%         N/A       98%         3
 Volatile Blastmotes      Fire/Tloc      0%         2d10      98%         3
 Airstrike                Air            0%         2d(0-16)  100%        4
 Anguish                  Hex/Necr       0%         N/A       100%        4
 Animate Armour           Summ/Erth      0%         N/A       100%        4
 Cause Fear               Hex            0%         N/A       100%        4
 Dimensional Bullseye     Hex/Tloc       0%         N/A       100%        4
 Flame Wave               Conj/Fire      0%         2d4       100%        4
 Fulminant Prism          Conj/Hex       0%         3d5       100%        4
 Iskenderun's Mystic Bla  Conj/Tloc      0%         2d3       100%        4
 Leda's Liquefaction      Hex/Erth       0%         N/A       100%        4
 Manifold Assault         Tloc           0%         N/A       100%        4
 Olgreb's Toxic Radiance  Pois           0%         N/A       100%        4
 Petrify                  Tmut/Erth      0%         N/A       100%        4
 Sticky Flame             Conj/Fire      0%         2d3       100%        4
 Summon Ice Beast         Ice/Summ       0%         N/A       100%        4
 Summon Lightning Spire   Summ/Air       0%         N/A       100%        4
 Agony                    Necr           0%         N/A       100%        5
 Alistair's Intoxication  Tmut/Pois      0%         N/A       100%        5
 Borgnjor's Vile Clutch   Necr/Erth      0%         N/A       100%        5
 Fireball                 Conj/Fire      0%         3d3       100%        5
 Freezing Cloud           Conj/Ice/Air   0%         6-21      100%        5
 Irradiate                Conj/Tmut      0%         3d11      100%        5
 Iskenderun's Battlesphe  Conj           0%         2d6       100%        5
 Lee's Rapid Deconstruct  Erth           0%         3d4*      100%        5
 Silence                  Hex/Air        0%         N/A       100%        5
 Summon Forest            Summ/Tloc      0%         N/A       100%        5
 Dispersal                Tloc           0%         N/A       100%        6
 Eringya's Noxious Bog    Tmut/Pois      0%         4d6       100%        6
 Simulacrum               Ice/Necr       0%         N/A       100%        6
 Starburst                Conj/Fire      0%         6d3       100%        6
 Enfeeble                 Hex            0%         N/A       100%        7
 Orb of Destruction       Conj           0%         9d5       100%        7
 Ozocubu's Refrigeration  Ice            0%         4d7       100%        7
 Spellforged Servitor     Conj/Summ      0%         N/A       100%        7
 Summon Hydra             Summ           0%         N/A       100%        7
 Discord                  Hex            0%         N/A       100%        8
 Lehudib's Crystal Spear  Conj/Erth      0%         10d2      100%        8
 Chain Lightning          Conj/Air       0%         N/A       100%        9
 Dragon's Call            Summ           0%         N/A       100%        9
 Fire Storm               Conj/Fire      0%         5d1       100%        9


Dungeon Overview and Level Annotations

Branches:
Dungeon (15/15)            Temple (0/1) D:6            Lair (5/5) D:9
  Swamp (4/4) Lair:2        Snake (4/4) Lair:2        Slime (0/5) Lair:4
    Orc (2/2) D:9             Elf (3/3) Orc:2        Vaults (5/5) D:13
  Crypt (3/3) Vaults:2       Tomb (0/3) Crypt:3      Depths (4/4) D:15
   Hell (visited)             Dis (0/7) Hell            Geh (0/7) Hell
    Coc (0/7) Hell            Tar (0/7) Hell            Zot (5/5) Depths:4
  IceCv (visited)

Altars:
Cheibriados
Dithmenos
Elyvilon
Fedhas
Kikubaaqudgha
Makhleb
Qazlal
Ru
Trog
Uskayaw
Yredelemnul
Zin

Shops:
D:1 (   D:2 [[[(   D:8 *   Orc:2 :?*[   Elf:1 ?   Elf:2 *   Snake:1 [!
Snake:2 ==:   Vaults:1 [   Vaults:2 ?   Depths:3 [:

Portals:
Hell: Depths:1 Depths:2 Depths:3 Depths:4
Abyss: Depths:1 Depths:3
Pandemonium: Depths:2
Ziggurat: Depths:4
Trove: Vaults:3 (give +6 demon whip)


Innate Abilities, Weirdness & Mutations

You are completely covered in rugged brown scales. (AC +3, +7% HP)
Armour fits poorly on your strangely shaped body.
You have a long armoured tail.
You roll when moving toward enemies. (Rampage)
Your long tongue fully drains potion bottles. (2x potion effects)
Your tongue gives you trouble enunciating. (1.5x scroll delay)
You have a somewhat thin skeletal structure. (Dex +2, Stealth+)
You possess an exceptional clarity of mind.
You are clumsy. (Dex -2)
Your flesh is heat resistant. (rF+)
You occasionally shout uncontrollably at your foes.
Your muscles are strong. (Str +4, Int/Dex -1)
You occasionally lose the ability to drink potions when taking damage.
You expend magic power (3 MP) to strengthen your wands.


Message History

You feel your intelligence returning.
You fly upwards.
There is a stone staircase leading down here.
What level of the Dungeon? (default 1, ? - help)
You see here a +0 spear.
You see here a +0 flail. a +0 robe; a +0 dagger a +0 robe; a +0 dagger; a +0 flail
There is a stone staircase leading up here.
You fly upwards.
There is a stone staircase leading down here.
HP restored.
There is a stone staircase leading up here.
You fly upwards.
There is a stone staircase leading down here.
There is an open door, spattered with blood here.
You see here a +0 giant club.
You see here a +0 dagger.
There is a stone staircase leading up here.
You fly upwards.
There is a stone staircase leading down here.
There is a stone staircase leading up here.
You fly upwards.
There is a stone staircase leading down, spattered with blood here.
There is a stone staircase leading up here.
You fly upwards.
There is a stone staircase leading down here.
Aiming: Dig
Press: ? - help, Shift-Dir - straight line A rock wall.
This square is covered in magical glow.
You feel a surge of power!
The rock shatters into small pieces.
Found a mace.
Aiming: Dig
Press: ? - help, Shift-Dir - straight line A rock wall.
This square is covered in magical glow.
You feel a surge of power!
The rock shatters into small pieces.
There is a staircase leading out of the dungeon here.
You have escaped!

..#|..#§§§##.P..P....##...#...#..
..#...#...####..P..####...#...#..
'##...#...##.####.##.##...#...##'
.###..#...#...#...#...#...#..###.
...#'##...#...#.>.#...#...##'#...
......##'###'#....##'###'##......
##............##'###...........##
######.....................#####
....#######.....@.....######
.........############## ######
#...####.............#######.....
#...# ####......................
#...# #......................
#...# #......................
###.# #######................ #.#
#.##............. #.#
##.##.............


There were no monsters in sight!

Vanquished Creatures
  6 dread liches
  6 ancient liches
  7 orbs of fire
  4 Killer Klowns
  4 shard shrikes (Depths:3)
  2 curse toes (Crypt:3)
  Margery (Crypt:2)
  A caustic shrike (Depths:1)
  Xtahua (Depths:3)
  12 golden dragons
  Nikola (Swamp:3)
  Geryon (Hell)
  the Enchantress (Depths:4)
  2 hellephants (Depths:1)
  3 electric golems
  25 Orb Guardians
  21 tentacled monstrosities
  Mlioglotl (Swamp:3)
  2 Hell Sentinels
  4 titans
  A titan (shapeshifter) (Zot:4)
  11 liches
  3 deep elf blademasters
  4 quicksilver dragons
  2 deep elf master archers (Elf:3)
  A sphinx (shapeshifter) (Zot:4)
  12 ancient champions
  2 sphinxes
  3 death cobs
  Kirke (Swamp:2)
  7 tengu reavers
  7 shadow dragons
  3 thorn hunters
  14 storm dragons
  Aizul (Swamp:1)
  The ghost of Eshruez the Eclecticist, an adept DEIE of Ashenzari (Snake:2)
  6 fire giants
  Donald (Crypt:2)
  5 draconian knights
  2 deep elf sorcerers (Elf:3)
  2 nagarajas (Snake:4)
  A demonspawn warmonger (D:14)
  5 revenants
  3 draconian monks
  5 draconian shifters
  3 deep elf elementalists (Elf:3)
  2 balrugs
  The ghost of Puubajux the Bludgeoner, an adept GrFi of Gozag (Snake:1)
  An iron dragon (Depths:4)
  A ghoul (Crypt:3)
  2 draconian scorchers
  12 frost giants
  4 ghost moths
  3 curse skulls
  11 reapers
  18 vault wardens
  A cacodemon (Depths:1)
  A juggernaut zombie (Crypt:2)
  Louise (Swamp:3)
  6 spectral caustic shrikes (Depths:2)
  3 spriggan defenders (Depths:4)
  4 formless jellyfish
  6 draconian stormcallers
  23 ironbound preservers
  An orc warlord (D:9)
  29 very ugly things
  21 stone giants
  6 war gargoyles
  4 ironbound thunderhulks
  A demonspawn blood saint (D:14)
  5 draconian annihilators
  14 green draconians
  4 eleionomae
  6 vampire knights
  The ghost of pigah the Metamorph, a journeyman OpSh of Gozag (Lair:4)
  10 deep elf demonologists
  9 black draconians
  7 deep elf annihilators
  4 lorocyprocas
  2 wendigos
  6 yellow draconians
  6 red draconians
  12 purple draconians
  6 dire elephants (Vaults:1)
  7 bunyips
  14 spark wasps
  9 white draconians
  2 crystal guardians
  9 deep elf death magi
  4 eidola
  Josephine (D:15)
  3 mummy priests (Crypt:3)
  4 ettins
  8 jiangshi
  4 deep elf high priests
  9 great orbs of eyes
  4 fire dragons
  2 blizzard demons
  14 yaktaur captains
  2 shambling mangroves
  2 entropy weavers
  8 ice dragons
  35 vault guards
  4 salamander tyrants
  A spriggan zombie (Crypt:3)
  2 juggernaut simulacra
  4 caustic shrike simulacra
  2 rakshasas
  9 spriggan air magi
  28 hydras
  A catoblepas (shapeshifter) (Vaults:4)
  4 ghost crabs
  A catoblepas (D:10)
  8 centaur warriors
  An ice dragon (shapeshifter) (Vaults:5)
  A jorogumo (shapeshifter) (Vaults:5)
  2 hell beasts (Hell)
  11 alligators
  2 death knights
  2 ogre magi
  6 ironbound frosthearts
  11 boulder beetles
  6 two-headed ogres
  An alligator snapping turtle (shapeshifter) (Zot:4)
  2 anacondas (shapeshifter) (Elf:1)
  11 anacondas
  A death yak (shapeshifter) (Vaults:2)
  4 tengu warriors
  2 deep troll shamans
  27 dancing weapons
  11 deep troll earth magi
  13 naga warriors
  A quicksilver ooze zombie (Crypt:2)
  A bennu skeleton (Crypt:3)
  A spriggan berserker (Depths:2)
  5 hell hogs
  11 death yaks
  3 vampire magi
  Urug (Orc:2)
  A storm dragon zombie (Crypt:2)
  3 occultists
  A shock serpent (Snake:1)
  4 soul eaters
  A crystal echidna (Hell)
  2 skysharks
  A sixfirhy (Depths:1)
  16 naga sharpshooters
  19 deep elf knights
  11 iron trolls
  8 sun demons
  12 hell knights
  A goliath frog (shapeshifter) (Elf:1)
  The ghost of osoart the Insei, a novice GnSh of Yredelemnul (D:6)
  A death drake (shapeshifter) (Vaults:5)
  5 shadow wraiths
  6 skeletal warriors
  An anaconda zombie (Crypt:3)
  A fire crab (Lair:4)
  4 glowing orange brains
  3 salamander mystics
  54 deep trolls
  Lodul (D:14)
  5 flayed ghosts
  7 sea snakes (Snake:3)
  6 goliath frogs
  A glowing orange brain (shapeshifter) (D:15)
  8 orc knights
  4 spriggan druids
  16 swamp dragons
  5 orange crystal statues
  A golden dragon zombie (Depths:1)
  3 obsidian statues
  7 naga ritualists
  25 ironbound convokers
  12 lindwurms
  6 harpies
  11 bog bodies
  A golden dragon skeleton (Crypt:3)
  6 arcanists
  18 deep elf archers
  12 phantasmal warriors
  A bunyip skeleton (Crypt:2)
  23 deep elf zephyrmancers
  A fire giant zombie (Depths:1)
  9 mana vipers
  A wolf spider zombie (D:15)
  36 deep elf pyromancers
  17 necromancers
  A wolf spider (shapeshifter) (Elf:1)
  A will-o-the-wisp (Swamp:4)
  2 orc sorcerers
  A fire giant skeleton (Depths:3)
  41 ugly things
  4 manticores
  11 salamanders
  3 cyclopes
  A moth of wrath (shapeshifter) (Vaults:5)
  25 moths of wrath
  The ghost of ShellytheWitch the Sneak, a novice KoBr of Dithmenos (D:5)
  2 dire elephant zombies
  3 centaur zombies
  21 elephants
  28 black mambas
  3 guardian serpents
  An iron dragon skeleton (Depths:3)
  A guardian serpent (shapeshifter) (Elf:1)
  6 orange demons
  2 titan simulacra
  7 smoke demons
  6 molten gargoyles (Depths:1)
  18 vault sentinels
  12 cane toads
  16 naga magi
  A torpor snail (Lair:2)
  3 rust devils (Depths:1)
  2 torpor snails (shapeshifter)
  A centaur skeleton (Hell)
  6 rime drakes
  3 anaconda simulacra
  52 yaktaurs
  15 freezing wraiths
  A minotaur skeleton (Hell)
  2 ice devils
  13 komodo dragons
  3 golden dragon simulacra
  3 efreet
  A pale draconian skeleton (Crypt:2)
  An alligator snapping turtle skeleton (Crypt:3)
  6 tengu conjurers
  12 guardian mummies (Crypt:3)
  3 tyrant leeches
  10 polar bears (Lair:5)
  2 red devils
  11 hornets
  A polar bear (shapeshifter) (Vaults:5)
  3 hellwings (Depths:3)
  4 trolls
  Grinder (D:5)
  3 alligator simulacra (IceCv)
  A culicivora zombie (Crypt:3)
  A tyrant leech (shapeshifter) (Vaults:5)
  A harpy skeleton (Hell)
  A guardian serpent zombie (Crypt:3)
  A raiju (shapeshifter) (Vaults:5)
  A raiju (Lair:5)
  A shadow dragon simulacrum (Depths:3)
  A dream sheep (Lair:4)
  16 blink frogs
  An ettin zombie (Crypt:3)
  52 slime creatures
  A frost giant simulacrum (Depths:3)
  14 air elementals
  22 flying skulls
  4 wyverns
  3 centaur simulacra
  4 dire elephant simulacra (IceCv)
  11 spriggans
  6 water elementals
  A slime creature zombie (Crypt:1)
  2 naga simulacra (Hell)
  51 yaks
  An ushabti (Crypt:3)
  An ettin skeleton (Depths:1)
  An orc simulacrum (Hell)
  18 wraiths
  3 shadows
  2 humans (D:13)
  A steam dragon (Lair:5)
  3 hogs (Swamp:2)
  2 hogs (shapeshifter)
  A neqoxec (D:8)
  4 fire elementals
  A human (shapeshifter) (Elf:1)
  4 basilisks
  A minotaur simulacrum (IceCv)
  2 death yak simulacra (D:13)
  4 redbacks
  9 vampire mosquitoes
  15 wargs
  A tyrant leech zombie (Crypt:1)
  4 harpy simulacra
  32 nagas
  A swamp worm (shapeshifter) (Zot:4)
  Menkaure (D:7)
  An acid dragon (Lair:5)
  A two-headed ogre zombie (Crypt:2)
  A fire bat zombie (Crypt:3)
  19 swamp worms
  23 hell hounds
  2 hydra simulacra (D:13)
  19 water moccasins
  38 orc warriors
  Duvessa (D:7)
  A glowing shapeshifter skeleton (Depths:3)
  A demonspawn skeleton (Crypt:1)
  14 black bears
  A deep troll skeleton (Crypt:1)
  16 swamp drakes
  4 ice beasts
  A dream sheep zombie (Crypt:2)
  2 ettin simulacra
  21 ogres
  33 wolves
  A manticore skeleton (Crypt:1)
  13 centaurs
  5 kobold brigands
  2 deep troll simulacra (IceCv)
  10 bullfrogs
  4 gnoll sergeants (D:9)
  2 scorpions
  4 earth elementals
  Dowan (D:7)
  14 wights (D:8)
  14 killer bees
  A lindwurm simulacrum (IceCv)
  A troll zombie (Crypt:2)
  4 elephant simulacra (D:13)
  3 spriggan skeletons
  5 electric eels
  A bullfrog zombie (D:5)
  4 quasits (D:9)
  A wolf skeleton (Crypt:3)
  6 hounds
  2 jellies
  A water moccasin simulacrum (D:5)
  17 orc priests
  Crazy Yiuf (D:7)
  5 iguanas
  19 orc wizards
  2 lightning spires (Depths:2)
  9 hell rats
  A killer bee zombie (D:5)
  2 bullfrog simulacra (D:5)
  A hound zombie (D:5)
  A naga skeleton (Crypt:3)
  A hound skeleton (Crypt:1)
  2 mummies (Crypt:3)
  2 howler monkey zombies (D:5)
  12 gnolls
  6 adders
  A hound simulacrum (D:5)
  3 shadow imps
  3 hell rat simulacra (D:13)
  2 white imps
  2 howler monkey simulacra (D:5)
  2 ufetubi (D:7)
  5 worms
  2 dart slugs
  80 orcs
  13 endoplasms
  4 giant cockroaches
  10 goblins
  7 hobgoblins
  12 jackals
  16 kobolds
  2 quokkas
  9 ball pythons
  3 bats
  6 frilled lizards
  A gnoll zombie (Crypt:3)
  An orc skeleton (Crypt:2)
  A quokka skeleton (Crypt:2)
  A rat (D:2)
2459 creatures vanquished.

Vanquished Creatures (collateral kills)
  Vashnia (Snake:3)
  Jory (Depths:3)
  An Orb Guardian (Zot:5)
  A sphinx (Vaults:4)
  A storm dragon (Zot:5)
  A fire giant (Depths:2)
  A draconian knight (Zot:3)
  A frost giant (Vaults:5)
  A vault warden (Vaults:4)
  An orc warlord (Vaults:1)
  A draconian shifter (Zot:5)
  A draconian stormcaller (Zot:5)
  A draconian annihilator (Zot:1)
  A very ugly thing (Depths:3)
  A red draconian (Zot:1)
  A vampire knight (Crypt:1)
  A white draconian (Zot:3)
  An eidolon (Crypt:1)
  A deep elf death mage (Elf:1)
  A blizzard demon (Depths:2)
  A shambling mangrove (Swamp:4)
  A yaktaur captain (Vaults:2)
  A peacekeeper (Vaults:4)
  A vault guard (Vaults:4)
  2 hydras
  A caustic shrike simulacrum (IceCv)
  A death knight (Vaults:2)
  A dancing weapon (Elf:2)
  A death yak (shapeshifter) (Zot:4)
  2 alligators (Swamp:3)
  3 naga sharpshooters (Snake:3)
  A shock serpent (Snake:3)
  An emperor scorpion zombie (Crypt:1)
  Amaemon (D:10)
  A deep elf knight (Elf:1)
  A hell knight (Depths:3)
  A sea snake (Snake:3)
  3 deep trolls
  2 deep elf archers (Elf:1)
  A bog body (IceCv)
  4 harpies
  2 orc knights
  An ironbound convoker (Vaults:2)
  A swamp dragon (Swamp:4)
  A deep elf pyromancer (Elf:2)
  A wolf spider (shapeshifter) (Zot:4)
  A jorogumo zombie (Crypt:1)
  2 will-o-the-wisps
  A salamander (Snake:3)
  2 moths of wrath
  A manticore (D:12)
  A naga mage (Snake:3)
  A smoke demon (Depths:2)
  3 yaktaurs (Vaults:5)
  An anaconda simulacrum (IceCv)
  7 freezing wraiths (IceCv)
  A troll (Orc:2)
  A golden dragon simulacrum (IceCv)
  An air elemental (Elf:1)
  3 spriggans
  A basilisk (Lair:5)
  A wraith (D:12)
  2 yaks (D:10)
  A minotaur simulacrum (IceCv)
  3 harpy simulacra (IceCv)
  A merfolk zombie (Crypt:1)
  A naga (Snake:3)
  A swamp drake (Swamp:4)
  An orc warrior (Orc:2)
  A wolf (Lair:2)
  2 deep troll simulacra (IceCv)
  An earth elemental (Elf:1)
  An electric eel (Snake:3)
  7 orcs (Orc:2)
107 creatures vanquished.

Vanquished Creatures (others)
  2 liches (Zot:3)
  2 draconian knights
  A green draconian (Zot:3)
  A spark wasp (Depths:2)
  A caustic shrike simulacrum (Depths:3)
  An alligator (Swamp:3)
  An occultist (Depths:1)
  2 deep elf knights (Elf:2)
  A sun demon (D:7)
  A goliath frog (Swamp:1)
  A swamp dragon (Snake:2)
  A bog body (Swamp:1)
  A deep elf archer (Elf:1)
  2 deep elf pyromancers
  A tengu skeleton (Depths:1)
  3 bloated husks (Swamp:1)
  A hornet (Depths:2)
  A water elemental (Elf:1)
  A steam dragon (Lair:5)
  2 lightning spires (Depths:2)
  18 foxfires
45 creatures vanquished.

Grand Total: 2611 creatures vanquished

Notes
Turn   | Place    | Note
-------+----------+-------------------------------------------
     0 | D:1      | Forgeling the Armataur Wanderer began the quest for the
                  | Orb.
     0 | D:1      | Forgeling set off with the following items: a +0 falchion,
                  | a +0 scale mail, a wand of polymorph (15), a scroll of
                  | teleportation {@r3}.
     0 | D:1      | Reached XP level 1. HP: 17/17 MP: 2/2
   240 | D:1      | Reached XP level 2. HP: 24/25 MP: 3/3
   489 | D:1      | Found Xoga's Weapon Boutique.
  1045 | D:2      | Reached XP level 3. HP: 27/32 MP: 4/4
  1063 | D:2      | Found Uhis's Antique Armour Shop.
  1122 | D:2      | Found Naetaise's Weapon Shoppe.
  1224 | D:2      | Found a blossoming altar of Fedhas.
  1261 | D:2      | Found Faufaesk's Armour Boutique.
  1593 | D:2      | Found Sosa's Antique Armour Shoppe.
  1690 | D:2      | Reached XP level 4. HP: 40/40 MP: 5/5
  2550 | D:3      | Reached skill level 1 in Maces & Flails
  2603 | D:3      | Gained mutation: You have a pair of small antennae on your
                  | head. [potion of mutation]
  2603 | D:3      | Gained mutation: You are agile. (Dex +4, Str/Int -1)
                  | [potion of mutation]
  2603 | D:3      | Gained mutation: Your skin changes colour to match your
                  | surroundings (Stealth+). [potion of mutation]
  2603 | D:3      | Gained mutation: You occasionally lose the ability to read
                  | scrolls when taking damage. [potion of mutation]
  2603 | D:3      | Gained mutation: You are strong-willed. (Will+) [potion of
                  | mutation]
  2632 | D:3      | Found a shadowy altar of Dithmenos.
  2635 | D:3      | You fall into a shaft and drop 1 floor!
  2649 | D:4      | Reached XP level 5. HP: 37/49 MP: 6/6
  3857 | D:2      | Reached XP level 6. HP: 50/55 MP: 7/7
  4154 | D:4      | Identified the +8 mace "Hydraslayer" {protect, rCorr Str-3
                  | Int+2 Dex+5}
  4427 | D:4      | Reached skill level 5 in Maces & Flails
  4853 | D:2      | Bought a +0 pair of gloves of strength for 138 gold pieces
  4893 | D:5      | Entered Level 5 of the Dungeon
  4961 | D:5      | Found a sacrificial altar of Ru.
  4964 | D:5      | Noticed Grinder
  5029 | D:5      | Killed Grinder
  5030 | D:5      | Reached XP level 7. HP: 53/62 MP: 8/8
  5195 | D:5      | Found a basalt altar of Yredelemnul.
  5388 | D:5      | Reached XP level 8. HP: 70/70 MP: 9/9
  5501 | D:5      | Found a burning altar of Makhleb.
  5513 | D:5      | Became a worshipper of Makhleb the Destroyer
  5583 | D:5      | Found a runed translucent gate.
  5583 | D:5      | Found a runed translucent gate.
  5583 | D:5      | Found a runed translucent gate.
  5736 | D:5      | Noticed ShellytheWitch's ghost (novice KoBr)
  5884 | D:6      | Found a staircase to the Ecumenical Temple.
  6111 | D:6      | Found a runed translucent gate.
  6112 | D:6      | Found a runed translucent gate.
  6113 | D:6      | Found a runed translucent gate.
  6113 | D:6      | Noticed osoart's ghost (novice GnSh)
  6115 | D:6      | Identified the +4 plate armour of Hasaici {rElec Str+3
                  | SInv}
  6165 | D:6      | Found a hide-covered altar of Uskayaw.
  6318 | D:6      | Found an ancient bone altar of Kikubaaqudgha.
  6365 | D:6      | Found a snail-covered altar of Cheibriados.
  6449 | D:6      | Found a bloodstained altar of Trog.
  6737 | D:7      | Noticed Duvessa
  6737 | D:7      | Noticed Menkaure
  6967 | D:7      | Reached skill level 5 in Fighting
  6967 | D:7      | Reached XP level 9. HP: 72/79 MP: 10/10
  7044 | D:7      | Reached * piety under Makhleb
  7111 | D:7      | Identified the +1 trident of Fate {pain, Int+3}
  7204 | D:7      | Reached skill level 10 in Maces & Flails
  7456 | D:7      | Noticed Dowan
  7775 | D:8      | Found Unayhunoa's General Store.
  8236 | D:8      | Reached XP level 10. HP: 78/92 MP: 11/11
  8422 | D:8      | Reached ** piety under Makhleb
  8798 | D:9      | Noticed an orange demon
  9064 | D:9      | a neqoxec changed into a smoke demon
  9064 | D:9      | Noticed a smoke demon
  9140 | D:9      | Killed a smoke demon
  9229 | D:9      | Found a staircase to the Lair.
  9302 | D:9      | Found a staircase to the Orcish Mines.
  9443 | D:9      | Noticed an orange demon
  9463 | D:9      | Killed an orange demon
  9539 | D:9      | Found a faded altar of an unknown god.
  9539 | D:9      | Found a white marble altar of Elyvilon.
  9546 | D:9      | Found a stormy altar of Qazlal.
  9548 | D:9      | Found a faded altar of an unknown god.
  9550 | D:9      | Found a glowing silver altar of Zin.
  9586 | D:9      | Noticed a soul eater
  9594 | D:9      | Killed a soul eater
  9709 | D:9      | Reached XP level 11. HP: 98/98 MP: 12/12
  9955 | D:9      | Reached *** piety under Makhleb
 10099 | D:9      | Reached skill level 1 in Invocations
 10471 | D:10     | Entered Level 10 of the Dungeon
 10831 | D:10     | Noticed Amaemon
 11096 | D:10     | Noticed a catoblepas
 11443 | D:7      | Killed Duvessa
 11446 | D:7      | Killed Menkaure
 11448 | D:7      | Killed Dowan
 11531 | D:7      | Found the +7 staff of the Meek {protect, meekguard}
 11787 | D:7      | Found a runed translucent door.
 11788 | D:7      | Noticed Crazy Yiuf
 11794 | D:7      | Killed Crazy Yiuf
 11882 | D:5      | Killed ShellytheWitch's ghost
 12308 | D:6      | Killed osoart's ghost
 12382 | D:6      | Reached skill level 5 in Invocations
 12392 | D:6      | Reached **** piety under Makhleb
 12405 | D:6      | Identified the +2 cloak of the Narrow God {Regen+}
 12542 | D:10     | Paralysed by a hornet for 2 turns
 12548 | D:10     | Paralysed by a hornet for 3 turns
 12690 | D:10     | Killed a catoblepas
 12697 | D:10     | Killed Amaemon
 12781 | D:10     | Reached skill level 10 in Fighting
 12792 | D:10     | Reached XP level 12. HP: 114/114 MP: 15/15
 12906 | D:11     | Noticed a six-headed hydra
 12911 | D:11     | Killed a six-headed hydra
 13638 | Lair:1   | Entered Level 1 of the Lair of Beasts
 13745 | Lair:1   | HP: 3/117 [poisoned by a cane toad]
 14815 | Lair:2   | Noticed a five-headed hydra
 14829 | Lair:2   | Killed a five-headed hydra
 14830 | Lair:2   | Reached skill level 10 in Invocations
 14830 | Lair:2   | Reached skill level 4 in Armour
 14896 | Lair:2   | Reached skill level 1 in Dodging
 15047 | Lair:2   | Found a staircase to the Snake Pit.
 15077 | Lair:2   | Reached skill level 5 in Armour
 15187 | Lair:2   | Reached XP level 13. HP: 124/124 MP: 20/20
 15224 | Lair:2   | Reached ***** piety under Makhleb
 15321 | Lair:2   | Identified the +3 long sword "Yvoegib" {drain, Stlth+}
 15854 | Lair:2   | Reached skill level 6 in Armour
 15892 | Lair:2   | Found a staircase to the Swamp.
 16298 | Lair:3   | Reached skill level 7 in Armour
 16823 | Lair:3   | Reached skill level 8 in Armour
 17199 | Lair:4   | Reached skill level 9 in Armour
 17204 | Lair:4   | Found a runed translucent door.
 17204 | Lair:4   | Noticed pigah's ghost (journeyman OpSh)
 17329 | Lair:4   | Found a staircase to the Slime Pits.
 17472 | Lair:4   | Reached skill level 10 in Armour
 17725 | Lair:4   | Reached skill level 11 in Armour
 17787 | Lair:4   | Reached skill level 12 in Armour
 18215 | Lair:4   | Reached skill level 13 in Armour
 18258 | Lair:4   | Reached XP level 14. HP: 123/132 MP: 19/21
 18453 | Lair:4   | Identified the +7 trident of Koel {holy, rPois rN+ Dex+4}
 18669 | Lair:5   | Entered Level 5 of the Lair of Beasts
 18706 | Lair:5   | Reached skill level 14 in Armour
 18969 | Lair:5   | Reached ****** piety under Makhleb
 19216 | Lair:5   | Reached skill level 15 in Armour
 19223 | Lair:5   | Reached skill level 1 in Throwing
 19811 | Lair:5   | Reached skill level 5 in Throwing
 20858 | D:12     | Reached skill level 5 in Evocations
 21283 | Orc:1    | Entered Level 1 of the Orcish Mines
 21298 | Orc:1    | Noticed an orc warlord
 21329 | D:9      | Reached XP level 15. HP: 138/138 MP: 17/22
 21863 | Orc:2    | Entered Level 2 of the Orcish Mines
 21864 | Orc:2    | Found a staircase to the Elven Halls.
 21942 | Orc:2    | Reached skill level 15 in Maces & Flails
 21984 | Orc:2    | Found Sewkeaza's Assorted Antiques.
 21984 | Orc:2    | Found Cigh's Magic Scroll Boutique.
 21992 | Orc:2    | Found Nepizayc's Book Shop.
 22221 | Orc:2    | Noticed Urug
 22282 | Orc:2    | Killed Urug
 22628 | Orc:2    | Found Merokis's Armour Shoppe.
 24633 | D:13     | Found a gate to the Vaults.
 25313 | D:14     | Noticed Lodul
 25327 | D:14     | Killed Lodul
 26047 | D:15     | Entered Level 15 of the Dungeon
 26081 | D:15     | Found a frozen archway.
 26130 | IceCv    | Entered an ice cave
 26694 | IceCv    | Identified the +1 pair of boots of Soft Rains {+Inv rC+
                  | Int+2}
 26739 | IceCv    | Found an ancient bone altar of Kikubaaqudgha.
 26915 | IceCv    | Reached XP level 16. HP: 147/147 MP: 25/25
 27383 | IceCv    | Noticed a lich
 27405 | IceCv    | Killed a lich
 27668 | D:15     | Reached skill level 16 in Armour
 27830 | D:15     | Noticed Josephine
 27847 | D:15     | Killed Josephine
 28337 | D:15     | Found a staircase to the Depths.
 29001 | Orc:2    | Bought gold dragon scales for 2320 gold pieces
 29021 | Orc:2    | Bought a scroll of enchant armour for 112 gold pieces
 29022 | Orc:2    | Bought a scroll of identify for 30 gold pieces
 29022 | Orc:2    | Bought a scroll of identify for 30 gold pieces
 29022 | Orc:2    | Bought a scroll of identify for 30 gold pieces
 29215 | Lair:4   | Killed pigah's ghost
 29284 | Snake:1  | Entered Level 1 of the Snake Pit
 29582 | Snake:1  | Found Dirhuakheo's Distillery.
 29582 | Snake:1  | Found Fulopome's Antique Armour Shoppe.
 30317 | Snake:1  | Reached skill level 17 in Armour
 31435 | Snake:2  | Identified the +8 chain mail "Xomufach" {Rampage Drain
                  | rPois Will++}
 31445 | Snake:2  | Reached XP level 17. HP: 159/159 MP: 20/26
 31636 | Snake:2  | Found Poyddiym's Book Shoppe.
 31636 | Snake:2  | Found Irchism's Jewellery Boutique.
 31638 | Snake:2  | Found Irhin's Jewellery Boutique.
 31752 | Snake:2  | Found a runed translucent gate.
 31752 | Snake:2  | Found a runed translucent gate.
 31752 | Snake:2  | Found a runed translucent gate.
 31760 | Snake:2  | Noticed Eshruez's ghost (adept DEIE)
 31760 | Snake:2  | Noticed Puubajux's ghost (adept GrFi)
 31923 | Snake:2  | Noticed a tentacled monstrosity
 31965 | Snake:2  | Killed a tentacled monstrosity
 32152 | Snake:2  | Identified the ring "Jemulegh" {Wiz Will+}
 32618 | Snake:3  | Identified the "Vouteof"
 32620 | Snake:3  | Noticed Vashnia
 32898 | Snake:3  | Killed Vashnia
 33051 | Snake:3  | Reached skill level 18 in Armour
 34107 | Snake:4  | Entered Level 4 of the Snake Pit
 34798 | Snake:4  | Reached skill level 15 in Fighting
 35340 | Snake:4  | Reached XP level 18. HP: 114/174 MP: 20/27
 35499 | Snake:4  | Reached skill level 5 in Dodging
 35723 | Snake:4  | Got a serpentine rune of Zot
 36000 | Snake:1  | Killed Puubajux's ghost
 36058 | Snake:2  | Killed Eshruez's ghost
 36204 | Swamp:1  | Entered Level 1 of the Swamp
 36359 | Swamp:1  | Identified the serpent talisman of Ynliloxya {rElec rPois
                  | rF- Dex-5}
 36359 | Swamp:1  | Noticed Aizul
 36389 | Swamp:1  | Killed Aizul
 37346 | Swamp:2  | Noticed Kirke
 37364 | Swamp:2  | Killed Kirke
 37915 | Swamp:2  | Identified 3 scrolls of acquirement
 37918 | Swamp:2  | Acquired 842 gold pieces
 37920 | Swamp:2  | Acquired a manual of Invocations
 37922 | Swamp:2  | Acquired a manual of Invocations
 38077 | Swamp:3  | Identified the +0 helmet "Kemno" {Str+4 Int+3 Dex+2}
 38144 | Swamp:3  | Noticed Mlioglotl
 38150 | Swamp:4  | Identified the "Obyer"
 38150 | Swamp:4  | Entered Level 4 of the Swamp
 38221 | Swamp:3  | Killed Mlioglotl
 38272 | Swamp:3  | Noticed Nikola
 38441 | Swamp:4  | Reached skill level 15 in Invocations
 38734 | Swamp:4  | Acquired the +1 pair of gloves "Bokeuhy" {Fly rF+ rCorr}
 39046 | Swamp:4  | Got a decaying rune of Zot
 39589 | D:8      | Bought a condenser vane for 560 gold pieces
 39711 | Vaults:1 | Entered Level 1 of the Vaults
 39738 | Vaults:1 | Reached XP level 19. HP: 181/181 MP: 29/31
 39873 | Vaults:1 | Paralysed by a formless jellyfish for 1 turns
 40340 | Vaults:1 | Found Weikoeva's Armour Shop.
 41680 | Vaults:2 | Paralysed by a formless jellyfish for 1 turns
 42155 | Vaults:2 | Found Aweeler's Magic Scroll Emporium.
 43130 | Vaults:2 | Found a staircase to the Crypt.
 43277 | Vaults:2 | Reached XP level 20. HP: 129/190 MP: 21/34
 43346 | Vaults:2 | Reached skill level 10 in Evocations
 43408 | Vaults:2 | Identified the +8 rapier of Izot {freeze, Dex+3 Stlth+}
 43934 | Vaults:3 | Reached skill level 1 in Shields
 43959 | Vaults:3 | Found a portal to a secret trove of treasure.
 44048 | Vaults:3 | Identified the +2 mace of the Imbibing Lamprey {freeze,
                  | Will+}
 44535 | Vaults:3 | Reached skill level 5 in Shields
 45944 | Vaults:4 | Reached skill level 10 in Shields
 46563 | Vaults:4 | Paralysed by a formless jellyfish for 1 turns
 47378 | Vaults:4 | Identified the +3 quarterstaff "Loheump" {flame, rElec rC-
                  | rN+ SInv}
 47644 | Vaults:4 | Reached XP level 21. HP: 182/196 MP: 30/35
 47796 | Vaults:5 | Identified the of Ucajor
 47796 | Vaults:5 | Identified the "Kuwy"
 47796 | Vaults:5 | Identified the of Haaxir
 47796 | Vaults:5 | Identified the of Zyonlopt
 47796 | Crypt:1  | Entered Level 1 of the Crypt
 48405 | Crypt:3  | Identified the "Kiedwic"
 48405 | Elf:1    | Entered Level 1 of the Elven Halls
 48490 | Elf:1    | Paralysed by an air elemental for 1 turns
 48493 | Elf:1    | Paralysed by an air elemental for 1 turns
 48497 | Elf:1    | Paralysed by an air elemental for 1 turns
 48501 | Elf:1    | Paralysed by an air elemental for 1 turns
 48505 | Elf:1    | Paralysed by an air elemental for 1 turns
 49334 | Elf:1    | Found Kiaplearr's Magic Scroll Shoppe.
 49708 | Snake:2  | Bought the macabre finger necklace {Finger+ rN+} for 720
                  | gold pieces
 49708 | Snake:2  | Found the macabre finger necklace {Finger+ rN+}
 50437 | Elf:2    | Paralysed by an air elemental for 1 turns
 50451 | Elf:1    | Paralysed by an air elemental for 1 turns
 50724 | Elf:2    | Found a huge runed translucent gate.
 50724 | Elf:2    | Found a huge runed translucent gate.
 50724 | Elf:2    | Found a huge runed translucent gate.
 50730 | Elf:2    | Found a huge runed translucent gate.
 50730 | Elf:2    | Found a huge runed translucent gate.
 50841 | Elf:2    | Found Iruwk's Assorted Antiques.
 50858 | Elf:2    | Bought a twitching golden amulet for 115 gold pieces
 50858 | Elf:2    | Identified the amulet of Nufel {RegenMP Harm rElec} (You
                  | bought it in a shop on level 2 of the Elven Halls)
 51658 | Elf:1    | Bought a scroll of enchant weapon for 120 gold pieces
 51955 | Elf:3    | Identified the "Bogar"
 51955 | Elf:3    | Identified the "Yddoidun"
 51955 | Elf:3    | Entered Level 3 of the Elven Halls
 52231 | Elf:3    | Reached skill level 15 in Evocations
 52819 | Elf:3    | Identified the +2 plate armour of Sif Muna's Inspiration
                  | {rPois Str+3 SInv}
 53028 | Elf:3    | Identified the ring "Qukhlid" {Str+6 Int+6 Dex-4}
 53047 | Elf:3    | Reached skill level 15 in Shields
 53072 | Elf:3    | Reached XP level 22. HP: 202/203 MP: 36/36
 53076 | Elf:3    | Identified the ring "Kocreik" {rN+ SInv}
 53136 | Elf:3    | Found the amulet of Vitality {RegenMP++ Regen++}
 53139 | Elf:3    | Found the +9 staff of Olgreb {rPois∞}
 53142 | Elf:3    | Identified the +8 fire dragon scales of the Iron City of
                  | Dis {rElec rF++ rC-}
 53154 | Elf:3    | Identified the orb of Erhuraxa {*channel, Stlth+}
 53166 | Elf:3    | Identified the +0 chain mail "Liussoy" {Will+ Dex+3}
 53170 | Elf:3    | Gained mutation: Your magical capacity is low. (-10% MP) [a
                  | cacodemon]
 53196 | Elf:3    | Identified the +10 ring mail "Qiwops Keomo" {rF+ Int+3
                  | Slay+5}
 53197 | Elf:3    | Identified the staff "Huahu" {*Corrode rPois rN+ Will++
                  | Str+2 Necro}
 53198 | Elf:3    | Identified the ring of Veomne {Will+ Int+6}
 53220 | Elf:3    | Identified the staff "Monkuecide" {rElec Dex+2 Air}
 54602 | Crypt:2  | Noticed Margery
 54616 | Crypt:2  | Killed Margery
 54697 | Crypt:2  | Noticed Donald
 54706 | Crypt:2  | Killed Donald
 55464 | Crypt:3  | Entered Level 3 of the Crypt
 55472 | Crypt:3  | Reached skill level 19 in Armour
 55517 | Crypt:3  | Acquired a manual of Armour
 55532 | Crypt:3  | Identified the +7 arbalest of Subterfuge {flame, rC+ Int+5}
 55696 | Crypt:3  | Found the +8 frozen axe "Frostbite" {freeze, freezing
                  | cloud, *Noise Fly rC+}
 55919 | Crypt:3  | Found a staircase to the Tomb.
 56009 | Crypt:3  | Reached skill level 20 in Armour
 56319 | Crypt:3  | Reached skill level 21 in Armour
 56414 | Crypt:3  | Reached skill level 22 in Armour
 56488 | Crypt:3  | Found a basalt altar of Yredelemnul.
 56488 | Crypt:3  | Noticed a curse toe
 56508 | Crypt:3  | Killed a curse toe
 56510 | Crypt:3  | Noticed a curse toe
 56687 | Crypt:3  | Killed a curse toe
 56688 | Crypt:3  | Reached skill level 23 in Armour
 56709 | Crypt:3  | Found an ancient bone altar of Kikubaaqudgha.
 56767 | Crypt:3  | Identified the ring "Ypiqoz" {Int+2 Slay+4}
 56773 | Crypt:3  | Identified the +6 war axe of the Coin {heavy, Int-2 Dex+5}
 57209 | Depths:1 | Entered Level 1 of the Depths
 57414 | Depths:1 | Found a blossoming altar of Fedhas.
 57461 | Depths:2 | Found a one-way gate leading to the halls of Pandemonium.
 57466 | Depths:2 | Reached XP level 23. HP: 110/214 MP: 34/34
 57578 | Depths:2 | Noticed a caustic shrike
 57595 | Depths:1 | Killed a caustic shrike
 57756 | Depths:1 | Found a one-way gate to the infinite horrors of the Abyss.
 57885 | Depths:1 | Found a gateway to Hell.
 58828 | Depths:2 | Identified the +8 rapier of Noon {freeze, SInv}
 58871 | Depths:2 | Identified the staff "Qidomu" {rPois Str+3 Int+2 SInv
                  | Stlth- Poison}
 58986 | Depths:2 | Identified the +13 plate armour of the Ancient Lies {rF+
                  | Str-5 Dex+2}
 59222 | Depths:2 | Found a runed translucent door.
 59349 | Depths:3 | Found Caweappu's Book Shop.
 59349 | Depths:3 | Found Gibyihae's Armour Emporium.
 59479 | Depths:3 | Noticed Jory
 59502 | Depths:3 | Killed Jory
 59869 | Depths:3 | Noticed a shard shrike
 59869 | Depths:3 | Noticed a shard shrike
 59869 | Depths:3 | Noticed a shard shrike
 59869 | Depths:3 | Noticed a shard shrike
 59878 | Depths:3 | Killed a shard shrike
 59882 | Depths:3 | Killed a shard shrike
 59886 | Depths:3 | Killed a shard shrike
 59887 | Depths:3 | Killed a shard shrike
 59893 | Depths:3 | Paralysed by a wendigo for 1 turns
 59998 | Depths:3 | Identified the +6 dire flail of the Dungeon {freeze, Will+
                  | Str+3}
 60102 | Depths:3 | Noticed Xtahua
 60118 | Depths:3 | Killed Xtahua
 60158 | Depths:3 | Reached XP level 24. HP: 231/231 MP: 34/34
 60369 | Depths:4 | Entered Level 4 of the Depths
 60709 | Depths:4 | Noticed the Enchantress
 60721 | Depths:4 | Killed the Enchantress
 60900 | Depths:4 | Found a one-way gateway to a ziggurat.
 61372 | Depths:4 | Found a gate to the Realm of Zot.
 62378 | Vaults:5 | Entered Level 5 of the Vaults
 62380 | Vaults:5 | Noticed an ancient lich
 62415 | Vaults:5 | Killed an ancient lich
 62485 | Vaults:5 | Identified the +8 battleaxe "Caocvip" {heavy, rElec Stlth+}
 62486 | Vaults:5 | Identified the +10 arbalest "Fudiev" {elec, rN+ Str+7}
 62490 | Vaults:5 | Identified the beast talisman of the Ego {rElec}
 62501 | Vaults:5 | Found the +12 glaive of Prune {freeze, Prune}
 62524 | Vaults:5 | Identified the +1 pair of gloves of the Invisible Mice
                  | {rPois Str-5 Int+4 Dex+3}
 62776 | Vaults:5 | Identified the +8 mace of the Demagogue {protect, *Rage
                  | rC++ Int+4}
 62784 | Vaults:5 | Reached skill level 24 in Armour
 62944 | Vaults:5 | Reached skill level 25 in Armour
 63083 | Vaults:5 | Reached skill level 26 in Armour
 63131 | Vaults:5 | Identified the +9 great sword "Tufruocw" {heavy, +Blink}
 63136 | Vaults:5 | Identified the ring of the Princeling {rN+ rCorr Str+6}
 63242 | Vaults:5 | Identified the +4 scale mail of Dithmenos's Pride {rF-
                  | Int+7}
 63293 | Vaults:5 | Identified the +6 quarterstaff of the Leaping Mosquito
                  | {freeze, rC+ Int+6}
 63293 | Vaults:5 | Identified the +1 robe of the Merchant {rPois Regen+ Str+5
                  | Dex-3}
 63295 | Vaults:5 | Identified the amulet "Cuho Gugg" {rElec Will+ Regen+ rCorr
                  | Int+3}
 63510 | Vaults:5 | Reached skill level 27 in Armour
 63520 | Vaults:5 | Reached XP level 25. HP: 225/231 MP: 34/34
 63542 | Vaults:5 | Reached skill level 5 in Stealth
 63874 | Vaults:5 | Noticed a dread lich
 63883 | Vaults:5 | Killed a dread lich
 64021 | Vaults:5 | Reached skill level 10 in Stealth
 64033 | Vaults:5 | Identified the ring of Feytunel {rPois Will+ Str-2 Int+6}
 64155 | Vaults:5 | Got a silver rune of Zot
 64283 | Vaults:5 | Identified the +2 war axe "Rocviun" {heavy, *Noise rCorr
                  | Str+8 Int+3}
 64712 | Depths:3 | Bought a +2 barding for 595 gold pieces
 64783 | Zot:1    | Entered Level 1 of the Realm of Zot
 65168 | Elf:1    | Bought 2 scrolls of blinking for 240 gold pieces
 65846 | Depths:4 | Reached skill level 15 in Stealth
 66119 | Zot:1    | You are sucked into a shaft and drop 1 floor!
 66119 | Zot:2    | Found a burning altar of Makhleb.
 67584 | Zot:3    | Noticed an orb of fire
 67590 | Zot:3    | Killed an orb of fire
 67876 | Zot:3    | Noticed a dread lich
 67887 | Zot:3    | Killed a dread lich
 68006 | Zot:3    | Reached XP level 26. HP: 248/248 MP: 34/34
 69277 | Zot:4    | Noticed a juggernaut
 69277 | Zot:4    | a juggernaut changed into a titan
 69296 | Zot:4    | a titan changed into a juggernaut
 69296 | Zot:4    | Noticed a juggernaut (glowing shapeshifter)
 69297 | Zot:4    | a juggernaut changed into a golden dragon
 70029 | Swamp:3  | Killed Nikola
 70033 | Swamp:3  | Noticed Louise
 70047 | Swamp:3  | Killed Louise
 70658 | Depths:2 | Paralysed by an air elemental for 1 turns
 70661 | Depths:2 | Paralysed by an air elemental for 1 turns
 70665 | Depths:2 | Paralysed by an air elemental for 1 turns
 70669 | Depths:2 | Paralysed by an air elemental for 1 turns
 70671 | Depths:2 | Paralysed by an air elemental for 1 turns
 70674 | Depths:2 | Paralysed by an air elemental for 1 turns
 70679 | Depths:2 | Paralysed by an air elemental for 1 turns
 70682 | Depths:2 | Paralysed by an air elemental for 1 turns
 70687 | Depths:2 | Paralysed by an air elemental for 1 turns
 70690 | Depths:2 | Paralysed by an air elemental for 1 turns
 70695 | Depths:2 | Paralysed by an air elemental for 1 turns
 70699 | Depths:2 | Paralysed by an air elemental for 1 turns
 70713 | Depths:2 | Paralysed by an air elemental for 1 turns
 70716 | Depths:2 | Paralysed by an air elemental for 1 turns
 70770 | Hell     | Entered the Vestibule of Hell
 70770 | Hell     | Noticed Geryon
 71202 | Depths:1 | Gained mutation: You occasionally lose the ability to drink
                  | potions when taking damage. [a cacodemon]
 71248 | Depths:1 | Lost mutation: You are strong-willed. (Will+) [potion of
                  | mutation]
 71248 | Depths:1 | Lost mutation: You occasionally lose the ability to read
                  | scrolls when taking damage. [potion of mutation]
 71248 | Depths:1 | Lost mutation: You are agile. (Dex +4, Str/Int -1) [potion
                  | of mutation]
 71248 | Depths:1 | Lost mutation: You occasionally lose the ability to drink
                  | potions when taking damage. [potion of mutation]
 71248 | Depths:1 | Gained mutation: You occasionally shout uncontrollably at
                  | your foes. [potion of mutation]
 71248 | Depths:1 | Gained mutation: You are frail. (-10% HP) [potion of
                  | mutation]
 71248 | Depths:1 | Gained mutation: Your body sometimes deteriorates upon
                  | taking damage. [potion of mutation]
 71248 | Depths:1 | Gained mutation: You are agile. (Dex +4, Str/Int -1)
                  | [potion of mutation]
 71248 | Depths:1 | Gained mutation: You have a pair of antennae on your head.
                  | [potion of mutation]
 71248 | Depths:1 | Gained mutation: You frequently scream uncontrollably at
                  | your foes. [potion of mutation]
 71248 | Depths:1 | Lost mutation: Your magical capacity is low. (-10% MP)
                  | [potion of mutation]
 71335 | Hell     | Killed Geryon
 71555 | Hell     | Found a gateway to the decaying netherworld of Tartarus.
 71658 | Hell     | Found a gateway to the freezing wastes of Cocytus.
 71706 | Hell     | Found a gateway to the Iron City of Dis.
 71709 | Hell     | Gained mutation: You are weak. (Str -2) [a cacodemon]
 71802 | Hell     | Found a gateway to the ashen valley of Gehenna.
 72063 | Zot:5    | Entered Level 5 of the Realm of Zot
 72522 | Zot:5    | Noticed an ancient lich
 72528 | Zot:5    | Killed an ancient lich
 72581 | Zot:5    | Noticed a dread lich
 72596 | Zot:5    | Noticed an orb of fire
 72597 | Zot:5    | Paralysed by a dread lich for 3 turns
 72604 | Zot:5    | Killed a dread lich
 72607 | Zot:5    | Killed an orb of fire
 72617 | Zot:5    | Noticed an orb of fire
 72628 | Zot:5    | Killed an orb of fire
 72649 | Zot:5    | Noticed an orb of fire
 72656 | Zot:5    | Lost mutation: Your skin changes colour to match your
                  | surroundings (Stealth+). [an orb of fire]
 72657 | Zot:5    | Killed an orb of fire
 72738 | Zot:5    | Noticed an ancient lich
 72739 | Zot:5    | Noticed a dread lich
 72744 | Zot:5    | Killed an ancient lich
 72750 | Zot:5    | Reached XP level 27. HP: 225/242 MP: 37/37
 72754 | Zot:5    | Killed a dread lich
 72811 | Zot:5    | Noticed an ancient lich
 72839 | Zot:5    | Noticed a dread lich
 72842 | Zot:5    | Killed an ancient lich
 72870 | Zot:4    | Killed a dread lich
 72926 | Zot:5    | Noticed an ancient lich
 72932 | Zot:5    | Killed an ancient lich
 72933 | Zot:5    | Noticed a dread lich
 72941 | Zot:5    | Killed a dread lich
 73037 | Zot:5    | Noticed an ancient lich
 73046 | Zot:5    | Killed an ancient lich
 73067 | Zot:5    | Noticed an orb of fire
 73073 | Zot:5    | Noticed an orb of fire
 73073 | Zot:5    | Gained mutation: Your spells are a little harder to cast,
                  | but a little more powerful. [an orb of fire]
 73074 | Zot:5    | Killed an orb of fire
 73081 | Zot:5    | Gained mutation: Your body often deteriorates upon taking
                  | damage. [an orb of fire]
 73083 | Zot:5    | Killed an orb of fire
 73090 | Zot:5    | Lost mutation: You have a pair of antennae on your head.
                  | [potion of mutation]
 73090 | Zot:5    | Lost mutation: You are weak. (Str -2) [potion of mutation]
 73090 | Zot:5    | Lost mutation: You are agile. (Dex +4, Str/Int -1) [potion
                  | of mutation]
 73090 | Zot:5    | Lost mutation: Your body often deteriorates upon taking
                  | damage. [potion of mutation]
 73090 | Zot:5    | Lost mutation: You have a pair of small antennae on your
                  | head. [potion of mutation]
 73090 | Zot:5    | Lost mutation: Your body sometimes deteriorates upon taking
                  | damage. [potion of mutation]
 73090 | Zot:5    | Gained mutation: Your flesh is cold resistant. (rC+)
                  | [potion of mutation]
 73090 | Zot:5    | Gained mutation: You are very frail. (-20% HP) [potion of
                  | mutation]
 73090 | Zot:5    | Gained mutation: Your tail ends in a venomous barb. [potion
                  | of mutation]
 73090 | Zot:5    | Gained mutation: You possess an exceptional clarity of
                  | mind. [potion of mutation]
 73091 | Zot:5    | Lost mutation: Your spells are a little harder to cast, but
                  | a little more powerful. [potion of mutation]
 73091 | Zot:5    | Lost mutation: You are very frail. (-20% HP) [potion of
                  | mutation]
 73091 | Zot:5    | Lost mutation: Your flesh is cold resistant. (rC+) [potion
                  | of mutation]
 73091 | Zot:5    | Lost mutation: You frequently scream uncontrollably at your
                  | foes. [potion of mutation]
 73091 | Zot:5    | Lost mutation: Your tail ends in a venomous barb. [potion
                  | of mutation]
 73091 | Zot:5    | Lost mutation: You are frail. (-10% HP) [potion of
                  | mutation]
 73091 | Zot:5    | Gained mutation: You have a somewhat thin skeletal
                  | structure. (Dex +2, Stealth+) [potion of mutation]
 73091 | Zot:5    | Gained mutation: Your flesh is heat resistant. (rF+)
                  | [potion of mutation]
 73091 | Zot:5    | Gained mutation: Your muscles are strong. (Str +4, Int/Dex
                  | -1) [potion of mutation]
 73091 | Zot:5    | Gained mutation: You expend magic power (3 MP) to
                  | strengthen your wands. [potion of mutation]
 73131 | Zot:5    | Noticed an orb of fire
 73138 | Zot:5    | Gained mutation: You are clumsy. (Dex -2) [an orb of fire]
 73139 | Zot:5    | Killed an orb of fire
 73365 | Zot:5    | Got the Orb of Zot
 73447 | Zot:3    | Noticed Ixkoaloma the pandemonium lord
 73621 | Depths:1 | Gained mutation: You occasionally lose the ability to drink
                  | potions when taking damage. [a neqoxec]
 73679 | D:14     | Noticed Raenut the pandemonium lord
 73680 | D:14     | Noticed an ancient lich
 73961 | D:$      | Escaped with the Orb!

Illustrated notes

Levels and vault maps discovered:
D:1:      dpeg_arrival_water_fire, layout_basic, serial_shops,
          nicolae_shop_real_fake_doors, chequers_serial_rivers_room_b
D:2:      minmay_razor_zed, layout_basic, basic_altar, serial_shops, shop,
          nicolae_shop_back_alley_shop, shop,
          nicolae_shop_temple_entry_statues_fountains, hangedman_decor_push,
          guppyfry_early_orc_mine
D:3:      layout_basic, grunt_dithmenos_smoke_and_mirrors,
          cheibrodos_sewer_entry_bend
D:4:      layout_cave_pools, abandoned_shop, kennysheep_doodads,
          grunt_ministairs_5, dk_noncrumbling_3, minmay_statues_item,
          minmay_misc_feat_cross
D:5:      layout_loops_ring, nicolae_yredelemnul_corpse_copse,
          makhleb_grotto_becter, lemuel_crystal_altar, gammafunk_ghost_icy,
          dk_vineyard_3, kennysheep_small_circle, uniq_grinder
D:6:      layout_loops_ring, mainiacjoe_overflow_surrounded_room,
          cheibrodos_worm_habitat, kennysheep_little_box, trog_antimagical,
          temple_statues, biasface_ghost_orc_armoury
D:7:      layout_cave_pools, pf_guarded_unrand_meek, uniq_crazy_yiuf_cottage,
          uniq_duvessa, uniq_menkaure
D:8:      layout_loops_corners, serial_shops, kennysheep_mini
D:9:      layout_long_grid, chequers_temple_overflow_minitemple,
          minmay_lair_entry_grove, kennysheep_orc_monster_closet_entryway,
          serial_demonic, serial_demonic_a, serial_demonic_f, serial_demonic_c,
          serial_demonic_c, serial_demonic_f, serial_demonic_c,
          nicolae_concentric_dashed_squares_wild
D:10:     layout_irregular_city, uniq_amaemon
D:11:     layout_roguey
D:12:     layout_rooms
D:13:     layout_stronghold, hellmonk_vaults_keyhole, eino_house_with_fridge
D:14:     layout_loops_corners, minmay_tree_intersection,
          minmay_misc_feat_hallway, uniq_lodul
D:15:     grunt_enter_depths_magical_seal, layout_irregular_city,
          nrook_mini_vaults, portal_ice_cave_entry_pillars_four, uniq_josephine
Lair:1:   layout_chaotic_city
Lair:2:   layout_cave_pods, nicolae_swamp_entry_splash_gauntlet,
          minmay_snake_entry_guardpost_small, grunt_forest_large_clearing_hut,
          grunt_megastairs_4
Lair:3:   layout_cave_pods, grunt_forest_large_clearings
Lair:4:   nzn_winding_woodlands_three_and_one
          [nzn_winding_woodlands_5x15_default,
          nzn_winding_woodlands_5x15_concentric,
          nzn_winding_woodlands_5x15_pockets,
          nzn_winding_woodlands_center_diamonds], layout_long_grid,
          slime_entry_1, hellmonk_ghost_happy_afterlife,
          nicolae_lair_grazing_beasts [nicolae_sub_lair_graze_edge,
          nicolae_sub_lair_graze_edge, nicolae_sub_lair_graze_edge,
          nicolae_sub_lair_graze_edge], infiniplex_staircase_pool_2,
          serial_bayou_shore_b
Lair:5:   hangedman_lair_caniforms_friends, layout_regular_city,
          guppyfry_lair_end_dragon
Swamp:1:  layout_falls_marsh, nicolae_swamp_little_swirl, uniq_aizul
Swamp:2:  layout_falls_marsh, hangedman_swamp_blocks, uniq_kirke
Swamp:3:  layout_basic_swamp, hangedman_swamp_ruin_hall, swamp_pool_5,
          uniq_louise, uniq_nikola, uniq_mlioglotl
Swamp:4:  swamp, layout_basic_swamp, nicolae_swamp_decorative_isthmus
Snake:1:  layout_layer_cave, grunt_megastairs_1, minmay_shoptagon
Snake:2:  onia_ninara_swampy_vault, layout_onion_interference,
          gammafunk_ghost_cemetery, minmay_shop_grove
Snake:3:  layout_basic, uniq_vashnia
Snake:4:  snake_pit, layout_grid_shapes
Orc:1:    layout_caves
Orc:2:    st_orc_rangers, layout_diamond_mine, uniq_urug
Elf:1:    eino_elf_arrival_customs, layout_loops_corners, serial_shops,
          nicolae_diamond_shop, minivault_28, grunt_ministairs_8,
          kilobyte_rumbling_trees
Elf:2:    elven_hall_of_blades_hangedman_alternative [mumra_blade_entry_dagger],
          layout_rooms, serial_shops, shop
Elf:3:    elf_hall, layout_gridlike
Vaults:1: nicolae_vaults_border_crossing, vaults_mumra_minichess,
          nicolae_vaults_big_ls, vaults_standard_mumra_lines,
          nicolae_vaults_little_squares_6, nicolae_vaults_steering_wheel,
          nicolae_vaults_taking_the_gang_shopping, vaults_room_ringed_pool,
          nicolae_vaults_house_2, v_misc_16, st_lines,
          nicolae_vaults_ring_of_whatevers, v_misc_24, layout_vaults_omnibox
Vaults:2: vaults_room_hallway, nicolae_vaults_spaceships,
          hangedman_vaults_stream, nicolae_vaults_tangent_ellipses,
          nicolae_vaults_storage_room_doors, nicolae_vaults_shrinking_rooms_2,
          v_misc_30, minmay_crypt_entry_simple_round,
          nicolae_vaults_little_squares_3, vaults_room_boxed,
          hangedman_vaults_pinch, layout_vaults_maze, serial_shops, shop
Vaults:3: hangedman_vaults_hard_town_square, nicolae_vaults_network_quincunx
          [nicolae_vaults_network_quincunx_subvault,
          nicolae_vaults_network_quincunx_subvault,
          nicolae_vaults_network_quincunx_subvault,
          nicolae_vaults_network_quincunx_subvault,
          nicolae_vaults_network_quincunx_subvault], hangedman_vaults_trim,
          v_misc_1, v_misc_18, vaults_room_stairs_pillars,
          nicolae_vaults_offset_grid_hallway_4, layout_vaults_chaotic_city,
          enter_trove_3
Vaults:4: dpeg_vaults_hating_casters, hangedman_vaults_river_flow,
          vaults_mumra_chevron_long, hangedman_vaults_locks, v_misc_11,
          nicolae_vaults_apartment_2, v_misc_27,
          ontoclasm_vaults_decontamination, ontoclasm_vaults_eye,
          nicolae_vaults_yaktaur_gun_rack, nicolae_vaults_tetromino_T_2,
          layout_vaults_ring
Vaults:5
Crypt:1:  layout_chaotic_city, st_stairs_6, grunt_ministairs_14,
          nicolae_crypt_ancient_font, roderic_lattice_octagonal_star,
          lemuel_upstairs_altar, grunt_crypt_arrival_split
Crypt:2:  layout_catacombs, grunt_megastairs_5, uniq_donald, uniq_margery
Crypt:3:  lightli_unholy_cathedral, layout_chaotic_city,
          tomb_entry_sphere_bobbens
Depths:1: layout_cave_pools, abyss_entry, grunt_hell_horde, hex_tiny,
          serial_sigils_hangedman_shear, minivault_1, fedhas_altar_1
Depths:2: minmay_the_grid_triangle_9x9_rhombus_thin_mashed
          [minmay_the_grid_triangle_9x9_empty,
          minmay_the_grid_triangle_9x9_prize_schism,
          minmay_the_grid_triangle_9x9_stretched_checkered,
          minmay_the_grid_triangle_9x9_cache], layout_twisted_cross,
          rand_demon_pan_entry_1, pf_hell_entry_tar_river,
          hangedman_decor_lopped, hangedman_aerie_drop, grunt_megastairs_2,
          uniq_josephina
Depths:3: dreamdust_isle_of_ice, layout_small_grid, abyss_entry, hell_entry,
          kennysheep_cross_bottleneck, nicolae_water_bricks,
          nicolae_wooded_promenade, kennysheep_generic_room_7,
          infiniplex_staircase_pillars_1, uniq_xtahua, uniq_jory
Depths:4: grunt_twist_and_shout, layout_basic, enter_ziggurat_e,
          minmay_misc_feat_square, grunt_hell_entry_dis_grunt, uniq_enchantress
Hell
Zot:1:    layout_onion, regret_index_zotdec_twisting_globes
Zot:2:    layout_onion_interference, regret_index_zotdec_demonic_mixed,
          st_stairs_4
Zot:3:    hellmonk_crystal_mountain, layout_gridville
Zot:4:    layout_cathedral_of_symmetry, bh_zot_ikea_curve,
          hellmonk_formless_pools
Zot:5:    layout_cathedral_of_symmetry, skrybe_zot_glass_1

Skill      XL: |  1  2  3  4  5  6  7  8  9 10 11 12 13 14 15 16 17 18 19 20 21 22 23 24 25 26 27 |
---------------+----------------------------------------------------------------------------------+-----
Fighting       | 2 3 5 7 10 11 13 15 18 21 23 | 23.3
Maces & Flails | 1 3 6 7 9 11 13 14 16 17 18 21 23 24 | 24.0
Invocations    | 5 10 12 16 21 | 21.6
Armour         | 5 13 15 17 18 23 27 | 27.0
Dodging        | 2 4 8 |  8.0
Throwing       | 6 |  6.0
Evocations     | 5 6 9 10 15 | 15.0
Shields        | 13 15 16 18 | 18.0
Stealth        | 3 15 | 15.0
Long Blades    | |  1.7
Spellcasting   | |  1.0

Action                     |  1- 3 |  4- 6 |  7- 9 | 10-12 | 13-15 | 16-18 | 19-21 | 22-24 | 25-27 || total
---------------------------+-------+-------+-------+-------+-------+-------+-------+-------+-------++-------
  Melee: Falchion          |   111 |   202 |       |       |       |       |       |       |       ||   313
         Tailslap          |    14 |    37 |    42 |   122 |   446 |   489 |   800 |   379 |   287 ||  2616
         Punch             |     3 |     5 |       |       |       |       |       |       |       ||     8
         Flail             |       |    43 |       |       |       |       |       |       |       ||    43
         Mace              |       |    36 |   227 |   435 |       |       |       |       |       ||   698
         Demon whip        |       |       |       |   216 |  1896 |  2045 |  2853 |       |       ||  7010
         Eveningstar       |       |       |       |       |       |       |   203 |  1593 |  1208 ||  3004
         Unarmed           |       |       |       |       |       |       |       |       |     6 ||     6
  Throw: Dart              |       |       |       |       |     4 |       |       |       |       ||     4
 Invoke: Lesser Servant of |       |       |       |     5 |     8 |     9 |     7 |     9 |     2 ||    40
         Greater Servant o |       |       |       |       |     3 |    12 |    11 |     6 |    12 ||    44
         Major Destruction |       |       |       |       |     1 |     5 |     4 |     9 |       ||    19
         Minor Destruction |       |       |       |       |     2 |       |       |       |       ||     2
  Evoke: Wand              |       |     3 |       |     4 |     2 |     5 |     9 |     3 |     6 ||    32
         Sack of spiders   |       |       |       |       |       |     1 |       |       |       ||     1
         Lightning rod     |       |       |       |       |       |       |     3 |       |       ||     3
         Condenser vane    |       |       |       |       |       |       |     1 |     3 |     2 ||     6
         Phantom mirror    |       |       |       |       |       |       |       |     1 |       ||     1
    Use: Potion            |       |     8 |       |     4 |     3 |     3 |     4 |     4 |    15 ||    41
         Scroll            |       |     5 |       |     4 |    13 |    17 |    16 |    12 |    10 ||    77
   Stab: Distracted        |     1 |       |       |     7 |     9 |     2 |     6 |    11 |     6 ||    42
         Sleeping          |       |     3 |       |     6 |     5 |       |       |       |       ||    14
         Invisible         |       |       |       |     2 |       |       |       |       |       ||     2
         Confused          |       |       |       |       |     3 |     1 |       |       |       ||     4
 Armour: Scale mail        |    87 |   325 |   202 |   451 |  1310 |    49 |       |       |       ||  2424
         Skin              |       |       |       |     1 |       |       |       |       |     5 ||     6
         Gold dragon scale |       |       |       |       |       |  1663 |  2630 |  1607 |  2085 ||  7985
         Plate armour      |       |       |       |       |       |   154 |       |       |       ||   154
  Dodge: Dodged            |    51 |   128 |    75 |   157 |   720 |   375 |   376 |   500 |   434 ||  2816
  Block: Kite shield       |       |       |       |       |       |       |  1186 |  1450 |  1287 ||  3923

Table legend: (Time is in decaauts)
 A = Elapsed time spent in this place.
 B = Non-inter-level travel time spent in this place.
 C = Inter-level travel time spent in this place.
 D = Time resting spent in this place.
 E = Time spent auto-exploring this place.
 F = Levels seen in this place.
 G = Mean time per level.
                   A        B        C        D        E       F      G
               +--------+--------+--------+--------+--------+-----+--------+
         Total |  73702 |  64700 |   9002 |   4265 |  38402 |  52 | 1417.3 |
       Dungeon |  21539 |  17924 |   3615 |   1357 |  11774 |  15 | 1435.9 |
          Lair |   7567 |   6491 |   1076 |    492 |   3532 |   5 | 1513.4 |
         Swamp |   3465 |   3244 |    221 |    291 |   1730 |   4 |  866.2 |
     Snake Pit |   7050 |   6544 |    506 |    633 |   3833 |   4 | 1762.5 |
  Orcish Mines |   1791 |   1454 |    337 |      0 |    935 |   2 |  895.5 |
   Elven Halls |   4714 |   3885 |    829 |    113 |   2148 |   3 | 1571.3 |
        Vaults |  10024 |   8967 |   1057 |    200 |   5283 |   5 | 2004.8 |
         Crypt |   3628 |   3463 |    165 |     80 |   2265 |   3 | 1209.3 |
        Depths |   6312 |   5525 |    787 |    540 |   2947 |   4 | 1578.0 |
          Hell |    514 |    492 |     22 |      0 |    302 |   1 |  514.0 |
           Zot |   5554 |   5172 |    382 |    110 |   3252 |   5 | 1110.8 |
      Ice Cave |   1539 |   1539 |      0 |    447 |    399 |   1 | 1539.0 |
               +--------+--------+--------+--------+--------+-----+--------+

Top non-repeatable levels by time:
     D:9: 2517 daAuts
Vaults:2: 2420 daAuts
 Snake:1: 2162 daAuts
    D:13: 2161 daAuts
Vaults:5: 2111 daAuts
  Lair:2: 2056 daAuts
Vaults:1: 1997 daAuts
 Snake:3: 1930 daAuts
Vaults:4: 1779 daAuts
   Elf:1: 1774 daAuts
     D:2: 1746 daAuts
  Lair:5: 1736 daAuts
Depths:4: 1729 daAuts
Vaults:3: 1715 daAuts
    D:10: 1713 daAuts
